 Dungeon Crawl Stone Soup version 0.24.0-123-gd5b16e6ec5 (webtiles) character file.

Game seed: 8857909990084541614, levelgen mode: deterministic

98 Delamore the Chopper (level 5, 0/41 HPs)
             Began as a Formicid Fighter on Jan 7, 2020.
             Killed from afar by a white imp (3 damage)
             ... with a puff of frost
             ... summoned by Natasha
             ... on level 3 of the Dungeon.
             The game lasted 00:01:52 (2169 turns).

Delamore the Chopper (Formicid Fighter)             Turns: 2169, Time: 00:01:53

Health: 0/41       AC:  5    Str: 21    XL:     5   Next: 1%
Magic:  5/5        EV:  8    Int:  8    God:
Gold:   80         SH:  9    Dex: 10    Spells: 4/4 levels left

rFire    . . .     SeeInvis +   a - +0 war axe
rCold    + . .     Gourm    .   c - +0 shield
rNeg     . . .     Faith    .   m - +0 ring mail (curse)
rPois    .         Spirit   .   (helmet unavailable)
rElec    .         Reflect  .   (no cloak)
rCorr    .         Harm     .   (no gloves)
MR       +....                  (no boots)
Stlth    ..........             (no amulet)
HPRegen  0.13/turn              k - ring of protection from magic
MPRegen  0.09/turn              n - ring of protection from cold

@: no status effects
A: permanent stasis, dig shafts and tunnels, four strong arms, antennae 3
a: Dig, Shaft Self


You were on level 3 of the Dungeon.
You were not hungry.

You visited 1 branch of the dungeon, and saw 3 of its levels.

You collected 80 gold pieces.

Inventory:

Hand Weapons
 a - a +0 war axe (weapon)
Missiles
 i - 7 javelins (quivered)
 r - a throwing net
Armour
 b - a +0 scale mail
 c - a +0 shield (worn)
 m - a cursed +0 ring mail (worn)
Jewellery
 k - a ring of protection from magic (left hand)
 n - a ring of protection from cold (right hand)
 p - an uncursed amulet of rage {unknown}
Scrolls
 e - 2 scrolls of blinking {unknown}
 g - a scroll of enchant weapon {unknown}
 h - 3 scrolls of identify {unknown}
 j - 2 scrolls of remove curse {unknown}
 l - a scroll of enchant armour {unknown}
 o - a scroll of amnesia {unknown}
Potions
 d - a potion of might
Comestibles
 f - 4 rations
 q - a chunk of flesh


   Skills:
 - Level 3.2 Fighting
 + Level 4.7 Axes
 - Level 3.2 Armour
 - Level 3.6 Shields


You had 4 spell levels left.
You didn't know any spells.
Your spell library was empty.

Dungeon Overview and Level Annotations

Branches:
Dungeon (3/15)

Altars:
Hepliaklqana

Annotations:
D:3 Natasha


Innate Abilities, Weirdness & Mutations

You cannot be hasted, slowed, berserked, paralysed or teleported.
You can dig through walls and to a lower floor.
Your four strong arms can wield two-handed weapons with a shield.
You have a pair of large antennae on your head. (SInv)


Message History

* * * LOW HITPOINT WARNING * * *
Natasha extends her claws.
Natasha claws you.
* * * LOW HITPOINT WARNING * * *
You hit Natasha.
Natasha is severely wounded.
You hit the jackal but do no damage.
The jackal bites you but does no damage.
An adder comes into view.
The jackal closely misses you. You block Natasha's attack.
Unknown command.
You closely miss Natasha.
Natasha is severely wounded.
You closely miss the jackal.
Your shield prevents you from hitting the white imp.
The adder hisses angrily.
You hear a shout!
The jackal barely misses you. The white imp gestures at you.
The puff of frost hits you. You resist.
You die...

............#.##....#
............#.##....#
...##.#.....#)##....#
##. #.#.....#.###...#
# #.#.#####.# #+##
#.#.# ##.# ..#
#..####.#
.#.#.##.......#
.......@5......
##.#.#hh..###.#
........# #
#.#g#....# # #.#....#
{. .....# S# #....#
.. .....#


You could see Natasha, a gnoll, an adder, a white imp and a jackal.

Vanquished Creatures
  2 adders (D:2)
  4 gnolls
  An ooze (D:1)
  A dart slug (D:2)
  3 bats (D:1)
  3 giant cockroaches
  4 goblins
  4 hobgoblins
  3 jackals (D:2)
  A quokka (D:2)
  2 kobolds
  10 rats
38 creatures vanquished.

Notes
Turn   | Place    | Note
-------+----------+-------------------------------------------
     0 | D:1      | Delamore the Formicid Fighter began the quest for the Orb.
     0 | D:1      | Reached XP level 1. HP: 18/18 MP: 1/1
   124 | D:1      | Reached XP level 2. HP: 23/24 MP: 2/2
   286 | D:1      | Reached skill level 3 in Axes
   298 | D:1      | Reached XP level 3. HP: 11/29 MP: 3/3
  1026 | D:2      | Found a hazy altar of Hepliaklqana.
  1102 | D:2      | HP: 1/29 [gnoll/+0 spear (7)]
  1462 | D:2      | Reached skill level 4 in Axes
  1462 | D:2      | Reached XP level 4. HP: 24/35 MP: 4/4
  2146 | D:3      | Reached XP level 5. HP: 38/41 MP: 5/5
  2157 | D:3      | Noticed Natasha
  2169 | D:3      | Killed from afar by a white imp

Levels and vault maps discovered:
D:1:      dpeg_arrival_water_fire, layout_basic, nrook_campfire
D:2:      layout_basic, lemuel_doored_altar, glass_columns_a
D:3:      layout_basic, uniq_natasha

Skill      XL: |  1  2  3 |
---------------+----------+-----
Axes           | 3 4 |  4.7
Fighting       | |  3.2
Armour         | |  3.2
Shields        | |  3.6

Action                   |  1- 3 |  4- 6 || total
-------------------------+-------+-------++-------
Melee: War axe           |    65 |    52 ||   117
Throw: Javelin           |       |     3 ||     3
  Use: Potion            |     2 |       ||     2
  Eat: Chunk             |     2 |     2 ||     4
Armor: Scale mail        |    30 |       ||    30
       Ring mail         |     3 |    21 ||    24
Dodge: Dodged            |    26 |    18 ||    44
Block: Shield            |    41 |    26 ||    67
